 Dungeon Crawl Stone Soup version 0.14.0-6-g1bc2dff (webtiles) character file.

5200 Heini the Basher (level 10, -8/91 HPs)
             Began as a Minotaur Fighter on Apr 11, 2014.
             Was an Elder of Okawaru.
             Killed by an exploding giant spore (21 damage)
             ... set off by themself
             ... on Level 10 of the Dungeon.
             The game lasted 00:39:31 (7483 turns).

Heini the Basher (Minotaur Fighter)                 Turns: 7483, Time: 00:39:31

HP  -8/91        AC 25     Str 23      XL: 10   Next: 23%
MP   2/4         EV  7     Int  5      God: Okawaru [****..]
Gold 424         SH  0     Dex 11      Spells:  0 memorised,  9 levels left

rFire  . . .     SeeInvis .     G - +3,+1 flail (holy)
rCold  . . .     Clarity  .     r - +0 plate armour
rNeg   . . .     Conserve .     c - +0 shield (curse)
rPois  .         rCorr    .     (helmet restricted)
rElec  .         rRot     .     J - +2 cloak
SustAb . .       Spirit   .     (no gloves)
rMut   .         Warding  .     n - +0 pair of boots
Gourm  +         Stasis   .     L - amulet of the gourmand
MR     .....                    H - ring of sustenance
                                z - +3 ring of protection

@: confused, heroism, not resistant to hostile enchantments, extremely
unstealthy
A: retaliatory headbutt, horns 2
a: Heroism, Renounce Religion


You were on level 10 of the Dungeon.
You worshipped Okawaru.
Okawaru was greatly pleased with you.
You were full.

You visited 2 branches of the dungeon, and saw 11 of its levels.

You collected 424 gold pieces.

Inventory:

Hand weapons
 a - a +0,+0 flail
 G - a +3,+1 flail of holy wrath (weapon)
Missiles
 g - 26 stones (quivered)
Armour
 c - a cursed +0 shield (worn)
 n - a +0 pair of boots (worn)
 r - a +0 plate armour (worn)
 J - a +2 cloak (worn)
Magical devices
 K - a wand of slowing (14)
 O - a wand of hasting (2)
 P - a wand of fire (6)
 U - a wand of disintegration (8)
Comestibles
 d - 12 bread rations
 m - 2 chokos
 o - a pear
 s - a beef jerky
 t - 2 apples
 A - 5 meat rations
Scrolls
 b - 4 scrolls of remove curse
 i - 7 scrolls of teleportation
 j - 2 scrolls of random uselessness {unknown}
 k - 7 scrolls of identify
 p - 2 scrolls of recharging
 q - 2 scrolls of magic mapping {unknown}
 w - a scroll of enchant weapon II {unknown}
 x - a scroll of fog {unknown}
 y - a scroll of amnesia {unknown}
 C - 4 scrolls of blinking {unknown}
 D - 4 scrolls of enchant armour {unknown}
 I - 2 scrolls of enchant weapon I {unknown}
 M - a scroll of noise {unknown}
 S - 2 scrolls of fear {unknown}
 T - a scroll of immolation {unknown}
Jewellery
 v - an uncursed amulet of resist corrosion
 z - a +3 ring of protection (left hand)
 H - a ring of sustenance (right hand)
 L - an amulet of the gourmand (around neck)
Potions
 e - 2 potions of restore abilities {unknown}
 f - 3 potions of invisibility
 h - a potion of lignification
 l - a potion of magic {unknown}
 u - a potion of poison
 B - 2 potions of agility
 E - 6 potions of curing {unknown}
 F - a potion of degeneration {unknown}
 N - 2 potions of paralysis {unknown}
 R - 3 potions of confusion {unknown}
 V - a potion of beneficial mutation {unknown}
Books
 Q - a book of War Chants

   Spells                             Type                      Level
   Fire Brand                         Charms/Fire                  2
   Freezing Aura                      Charms/Ice                   2
   Shroud of Golubria                 Charms/Translocation         2
   Repel Missiles                     Charms/Air                   2
   Poison Weapon                      Charms/Poison                3
   Regeneration                       Charms/Necromancy            3


   Skills:
 * Level 9.4(14.4) Fighting
 * Level 10.7(15.7) Maces & Flails
 * Level 9.7(14.7) Armour
 - Level 3.2(8.2) Dodging
 - Level 7.4(12.4) Shields
 + Level 0.4 Evocations


You had 9 spell levels left.
You didn't know any spells.

Dungeon Overview and Level Annotations

Branches:
Dungeon (10/15)            Temple (1/1) D:5
    Orc: D:9-12        Lair: D:8-11

Altars:
Ashenzari
Cheibriados
Dithmenos
Elyvilon
Fedhas
Kikubaaqudgha
Makhleb
Nemelex Xobeh
Okawaru
Trog
Vehumet
Xom
Yredelemnul
Zin
The Shining One

Annotations:
D:4 Prince Ribbit


Innate Abilities, Weirdness & Mutations

You reflexively headbutt those who attack you in melee.
You have a pair of horns on your head.


Message History

The orc priest mumbles some strange prayers to Beogh against you.
Something smites you!
* * * LOW HITPOINT WARNING * * *
Use which ability? (? or * to list)
You gain the combat prowess of a mighty hero.
You feel slightly less full. You block the orc warrior's attack.
You block the orc priest's attack.
You sock the orc priest!
You kill the orc priest!
Okawaru accepts your kill.
You hit the giant spore.
The giant spore explodes!
The orc priest appears confused.
The explosion of spores engulfs the orc priest.
The orc priest dies!
The orc warrior appears confused.
The explosion of spores engulfs the orc warrior.
The explosion of spores engulfs you!
You are confused.
You die... . ...Z .....# ##ooo

#.............
............[o
..............
.....(......o. ########
..............##@.....#
............Z.))o.....#
..............##......#
...........#..##......#
....######.....#....###
#.##### #..........#
#[....# #.....#...##
#.....# ##....#...#
#.....# #....#...#


You could see an orc warrior (confused) and an ogre skeleton.

Vanquished Creatures
  Grinder (D:5)
  A merfolk (D:9)
  2 trolls (D:9)
  2 hippogriffs
  A hill giant skeleton (D:8)
  A water moccasin (D:6)
  Edmund (D:4)
  An ice beast (D:7)
  A black bear (D:9)
  3 ogres
  4 centaurs
  3 orc warriors
  A big kobold (D:9)
  A phantom (D:4)
  A sky beast (D:5)
  4 scorpions
  3 giant frogs
  A troll skeleton (D:9)
  A hippogriff skeleton (D:5)
  A yak skeleton (D:10)
  7 wights (D:9)
  A big fish (D:9)
  3 crimson imps
  3 hounds
  2 jellies (D:7)
  A quasit (D:9)
  A giant frog skeleton (D:4)
  6 orc priests
  A centaur skeleton (D:9)
  3 iguanas
  9 orc wizards
  2 worker ants (D:8)
  An ogre zombie (D:5)
  A mummy (D:9)
  11 adders
  3 gnolls (D:5)
  A shadow imp (D:8)
  An inept feature mimic (D:8)
  6 worms
  A giant mite (D:5)
  An adder zombie (D:5)
  An iguana skeleton (D:8)
  3 giant eyeballs
  6 giant geckos
  An ooze (D:6)
  19 orcs
  2 ball pythons
  A bat zombie (D:7)
  6 giant cockroaches
  7 goblins
  15 hobgoblins
  5 jackals
  16 kobolds
  3 quokkas
  13 bats
  A giant newt (D:2)
  A jackal skeleton (D:4)
  A kobold skeleton (D:5)
  An orc zombie (D:10)
  14 rats
215 creatures vanquished.

Vanquished Creatures (others)
  A centaur (D:5)
  An orc priest (D:10)
2 creatures vanquished.

Grand Total: 217 creatures vanquished

Notes
Turn   | Place    | Note
--------------------------------------------------------------
     0 | D:1      | Heini, the Minotaur Fighter, began the quest for the Orb.
     0 | D:1      | Reached XP level 1. HP: 19/19 MP: 1/1
   189 | D:1      | Reached XP level 2. HP: 25/27 MP: 1/1
   380 | D:1      | Reached skill level 4 in Shields
   702 | D:2      | Reached XP level 3. HP: 24/33 MP: 2/2
   783 | D:2      | Found a burning altar of Makhleb.
  1056 | D:2      | Found a basalt altar of Yredelemnul.
  1255 | D:3      | Reached XP level 4. HP: 31/40 MP: 2/2
  1580 | D:3      | Reached skill level 1 in Dodging
  1848 | D:4      | Reached XP level 5. HP: 10/47 MP: 2/2
  2240 | D:4      | Noticed a phantom
  2248 | D:4      | Killed a phantom
  2248 | D:4      | Reached skill level 5 in Armour
  2248 | D:4      | Reached skill level 5 in Shields
  2248 | D:4      | Reached XP level 6. HP: 45/53 MP: 3/3
  2354 | D:4      | Noticed an ogre
  2360 | D:4      | Paralysed by a giant eyeball for 4 turns
  2364 | D:4      | Killed an ogre
  2370 | D:4      | Paralysed by a giant eyeball for 3 turns
  2544 | D:4      | Noticed Edmund
  2557 | D:4      | Killed Edmund
  2557 | D:4      | Reached skill level 5 in Maces & Flails
  2557 | D:4      | Reached XP level 7. HP: 54/60 MP: 3/3
  2592 | D:4      | Found a glowing silver altar of Zin.
  2760 | D:4      | Reached skill level 5 in Fighting
  2868 | D:4      | Noticed Prince Ribbit
  2950 | D:5      | Entered Level 5 of the Dungeon
  3050 | D:5      | Reached skill level 6 in Armour
  3354 | D:5      | Found a staircase to the Ecumenical Temple.
  3366 | Temple   | Entered the Ecumenical Temple
  3418 | Temple   | Became a worshipper of Warmaster Okawaru
  3496 | D:5      | Noticed Grinder
  3503 | D:5      | Killed Grinder
  3503 | D:5      | Reached XP level 8. HP: 67/70 MP: 3/3
  3509 | D:5      | Paralysed by a giant eyeball for 2 turns
  3518 | D:5      | Paralysed by a giant eyeball for 3 turns
  3624 | D:6      | Reached skill level 7 in Maces & Flails
  3941 | D:6      | Found a glowing golden altar of the Shining One.
  4607 | D:7      | Acquired Okawaru's first power
  5019 | D:7      | Paralysed by a giant eyeball for 2 turns
  5086 | D:8      | Reached skill level 8 in Maces & Flails
  5307 | D:8      | Reached XP level 9. HP: 74/79 MP: 4/4
  5877 | D:8      | Reached skill level 9 in Maces & Flails
  6317 | D:9      | Found a shadowy altar of Dithmenos.
  6604 | D:9      | Reached skill level 10 in Maces & Flails
  6890 | D:9      | Reached XP level 10. HP: 66/91 MP: 4/4
  7307 | D:10     | Entered Level 10 of the Dungeon
  7483 | D:10     | Killed by an exploding giant spore... set off by themself

Action                   |  1- 3 |  4- 6 |  7- 9 | 10-12 || total
-------------------------+-------+-------+-------+-------++-------
Melee: Flail             |   133 |   100 |   418 |    84 ||   735
Invok: Heroism           |       |       |       |     1 ||     1
Evoke: Wand              |       |       |     4 |       ||     4
  Use: Scroll            |       |     5 |     3 |       ||     8
       Potion            |       |     1 |     1 |       ||     2
